 Dungeon Crawl Stone Soup version 0.26-a0-649-gf8c6c3aab7 (webtiles) character file.

Game seed: 3045665876858408312

111 grandjackal the Grave Robber (level 4, 0/33 HPs)
             Began as a Demonspawn Necromancer on Sept 28, 2020.
             Slain by an ufetubus (5 damage)
             ... on level 3 of the Dungeon.
             The game lasted 00:04:11 (4374 turns).

grandjackal the Grave Robber (DsNe)                 Turns: 4374, Time: 00:04:12

Health: 0/33       AC:  2    Str: 10    XL:     4   Next: 62%
Magic:  8/8        EV: 12    Int: 18    God:
Gold:   148        SH:  0    Dex: 13    Spells: 5/9 levels left

rFire    . . .     SeeInvis .   d - +0 dagger
rCold    . . .     Faith    .   (no shield)
rNeg     . . .     Spirit   .   a - +0 robe
rPois    .         Reflect  .   (no helmet)
rElec    .         Harm     .   (no cloak)
rCorr    .         Rampage  .   (no gloves)
MR       .....                  (no boots)
Stlth    ++........             (no amulet)
HPRegen  0.11/turn              (no ring)
MPRegen  0.11/turn              (no ring)

@: no status effects
A: powered by pain 1, big brain 1
a: no special abilities


You were on level 3 of the Dungeon.
You visited 1 branch of the dungeon, and saw 4 of its levels.

You collected 148 gold pieces.

Inventory:

Hand Weapons
 d - a +0 dagger (weapon)
Armour
 a - a +0 robe (worn)
 o - a +0 ring mail of fire resistance
Jewellery
 q - an uncursed ring of stealth {unknown}
 t - an uncursed ring of protection from cold {unknown}
Wands
 v - a wand of iceblast (5)
Scrolls
 b - 2 scrolls of remove curse
 g - 2 scrolls of amnesia {unknown}
 h - a scroll of immolation {unknown}
 i - 3 scrolls of fog {unknown}
 l - 2 scrolls of blinking {unknown}
 p - a scroll of enchant armour {unknown}
 r - 2 scrolls of teleportation
 x - a scroll of fear {unknown}
Potions
 c - a potion of haste
 e - a potion of magic
 f - a potion of stabbing {unknown}
 j - a potion of degeneration {unknown}
 m - 2 potions of curing
 n - a potion of heal wounds {unknown}
 s - a potion of cancellation {unknown}
 u - a potion of ambrosia {unknown}
 w - a potion of flight {unknown}


   Skills:
 + Level 2.2 Fighting
 - Level 1.7 Dodging
 - Level 1.7 Stealth
 + Level 3.0 Spellcasting
 + Level 5.2 Necromancy


You had 5 spell levels left.
You knew the following spells:

 Your Spells              Type           Power        Failure   Level
a - Pain                  Necr           ###.         1%          1
b - Vampiric Draining     Necr           ###.......   5%          3

Your spell library contained the following spells:

 Spells                   Type           Power        Failure   Level
 Animate Skeleton         Necr           ###...       1%          1
 Animate Dead             Necr           ###.......   19%         4
 Agony                    Necr           ###.....     45%         5


Dungeon Overview and Level Annotations

Branches:
Dungeon (4/15)
 Temple: D:4-7

Altars:
Qazlal
Wu Jian


Innate Abilities, Weirdness & Mutations

You sometimes gain a little power by taking damage.
You have an unusually large brain. (Int +2)


Message History

The ufetubus hits you. The ufetubus completely misses you.
You hit the ufetubus.
The ufetubus is almost dead.
The ufetubus misses you. The ufetubus closely misses you.
The ufetubus hits you. The ufetubus misses you.
You barely miss the ufetubus.
The ufetubus is almost dead.
The ufetubus closely misses you. x2
You hit the ufetubus.
The ufetubus is almost dead.
The ufetubus barely misses you. The ufetubus closely misses you.
The ufetubus hits you.
* * * LOW HITPOINT WARNING * * *
The ufetubus hits you but does no damage.
You closely miss the ufetubus.
The ufetubus is severely wounded.
The ufetubus hits you.
* * * LOW HITPOINT WARNING * * *
The ufetubus hits you.
You die...

.........# ##..#
.........# #..#
#........# #..#
#........# ##.##
#........# #(.#
###'#'#### #..#
#.#.# #..# #.#.#
#..#
#.#.#########.@#
#.#..........5.#
#.#..#########.#
#.#...# #.#
###.....# #.#
........# #.#
################.#
....†............#
##################


You could see an ufetubus.

Vanquished Creatures
  2 adders
  2 oozes (D:3)
  2 worms
  5 dart slugs
  A leopard gecko (D:1)
  8 orcs (D:3)
  6 bats
  A giant cockroach (D:2)
  6 hobgoblins
  2 jackals (D:2)
  7 kobolds
  A quokka (D:3)
  2 frilled lizards
  7 goblins
  9 rats
61 creatures vanquished.

Notes
Turn   | Place    | Note
-------+----------+-------------------------------------------
     0 | D:1      | grandjackal the Demonspawn Necromancer began the quest for
                  | the Orb.
     0 | D:1      | Reached XP level 1. HP: 13/13 MP: 3/3
   408 | D:1      | Gained mutation: You have an unusually large brain. (Int
                  | +2) [demonic ancestry]
   408 | D:1      | Reached XP level 2. HP: 13/20 MP: 5/5
   599 | D:1      | Reached skill level 1 in Fighting
  1067 | D:1      | Gained mutation: You sometimes gain a little power by
                  | taking damage. [demonic ancestry]
  1067 | D:1      | Reached XP level 3. HP: 26/26 MP: 6/6
  1644 | D:2      | Found an ornate altar of the Wu Jian Council.
  1727 | D:2      | Learned a level 3 spell: Vampiric Draining
  2503 | D:2      | Reached skill level 5 in Necromancy
  2735 | D:2      | Found a stormy altar of Qazlal.
  3196 | D:3      | Reached XP level 4. HP: 28/33 MP: 8/8
  4374 | D:3      | Slain by an ufetubus

Illustrated notes

Levels and vault maps discovered:
D:1:      wheals_arrival_linesprint, layout_basic, chequers_jeans
D:2:      layout_loops_corners, old_standard_altar,
          nicolae_qazlal_general_emergency
D:3:      layout_basic
D:4:      layout_rooms, led_sif_pool

Skill      XL: |  1  2  3  4 |
---------------+-------------+-----
Fighting       | 1 2 |  2.2
Necromancy     | 5 |  5.2
Spellcasting   | 3 |  3.0
Dodging        | |  1.7
Stealth        | |  1.7

Action                   |  1- 3 |  4- 6 || total
-------------------------+-------+-------++-------
Melee: Dagger            |   153 |    84 ||   237
 Cast: Pain              |    26 |     8 ||    34
       Vampiric Draining |     3 |     9 ||    12
  Use: Scroll            |       |     5 ||     5
 Stab: Sleeping          |     4 |       ||     4
       Distracted        |     1 |       ||     1
Armor: Robe              |    22 |    11 ||    33
Dodge: Dodged            |   121 |    66 ||   187

Table legend: (Time is in decaauts)
 A = Elapsed time spent in this place.
 B = Non-inter-level travel time spent in this place.
 C = Inter-level travel time spent in this place.
 D = Time resting spent in this place.
 E = Time spent auto-exploring this place.
 F = Levels seen in this place.
 G = Mean time per level.
                   A        B        C        D        E       F      G
               +--------+--------+--------+--------+--------+-----+--------+
         Total |   4373 |   4235 |    138 |   1520 |   2148 |   4 | 1093.2 |
       Dungeon |   4373 |   4235 |    138 |   1520 |   2148 |   4 | 1093.2 |
               +--------+--------+--------+--------+--------+-----+--------+

Top non-repeatable levels by time:
     D:1: 1617 daAuts
     D:3: 1476 daAuts
     D:2: 1266 daAuts
     D:4: 12 daAuts
